 Dungeon Crawl Stone Soup version 0.32-a0-12-g7fc57aa741 (webtiles) character file.

Game seed: 2580502684691509671

71640 jasper the Nimble (level 14, -7/75 HPs)
             Began as a Spriggan Alchemist on Jan 14, 2024.
             Was a High Priest of Sif Muna.
             Mangled by a komodo dragon (8 damage)
             ... on level 5 of the Lair of Beasts.
             The game lasted 00:56:43 (25040 turns).

jasper the Nimble (Spriggan Alchemist)             Turns: 25040, Time: 00:56:44

Health: -7/75      AC:  5    Str:  6    XL:     14   Next: 98%
Magic:  21/29      EV: 33    Int: 25    God:    Sif Muna [*****.]
Gold:   296        SH:  7    Dex: 19    Spells: 3/33 levels left

rFire   . . .        p - +5 rapier of Generosity {freeze, rN+ Int+3 Dex+4}
rCold   + . .        M - +1 buckler of Unambiguity {Will+ rCorr}
rNeg    + . .        y - +0 steam dragon scales
rPois   +            (helmet restricted)
rElec   .            J - scarf of Ohemiek {repulsion, rC+ Str+2}
rCorr   +            (gloves unavailable)
SInv    +            (boots unavailable)
Will    +++..        P - amulet of faith
Stlth   ++++         T - +5 ring of evasion
HPRegen 0.32/turn    r - ring of poison resistance
MPRegen 0.21/turn

%: repel missiles, faith
@: very quick
A: very small, no large weapons, unfitting armour, see invisible, speed 3
a: Renounce Religion, Channel Magic, Forget Spell, Divine Exegesis


You were on level 5 of the Lair of Beasts.
You worshipped Sif Muna.
Sif Muna was extremely pleased with you.
You visited 4 branches of the dungeon, and saw 19 of its levels.
You also visited: Ossuary.

You collected 1590 gold pieces.
You spent 1294 gold pieces at shops.

Inventory:

Hand Weapons
 f - a +0 dagger
 j - a +0 short sword
 p - the +5 rapier of Generosity (weapon) {freeze, rN+ Int+3 Dex+4}
   (You found it on level 6 of the Dungeon)

   Int+3:     It affects your intelligence (+3).
   Dex+4:     It affects your dexterity (+4).
   rN+:       It protects you from negative energy.
 q - a +4 trident of protection
 t - a +0 flail
 S - a +2 heavy double sword
Missiles
 C - a curare-tipped dart
 D - 2 throwing nets
Armour
 a - a +1 robe
 s - an orb of energy
 y - +0 steam dragon scales (worn)
 G - a +0 troll leather armour
 I - +0 acid dragon scales
 J - the scarf of Ohemiek (worn) {repulsion, rC+ Str+2}
   (You bought it in a shop on level 7 of the Dungeon)

   Str+2:     It affects your strength (+2).
   rC+:       It protects you from cold.
 M - the +1 buckler of Unambiguity (worn) {Will+ rCorr}
   (You acquired it on level 2 of the Lair of Beasts)

   Will+:     It increases your willpower.
   rCorr:     It protects you from acid and corrosion.
Jewellery
 g - a ring of resist corrosion
 r - a ring of poison resistance (right hand)
 L - a ring of fire
 P - an amulet of faith (around neck)
 T - a +5 ring of evasion (left hand)
Wands
 l - a wand of polymorph (13)
 w - a wand of paralysis (11)
 R - a wand of digging (8)
 U - a wand of roots (2)
Scrolls
 h - 7 scrolls of vulnerability
 i - 2 scrolls of teleportation
 u - 6 scrolls of fog
 v - 7 scrolls of blinking
 x - a scroll of silence
 z - a scroll of enchant armour
 B - 2 scrolls of noise
 E - a scroll of butterflies
 K - a scroll of immolation
 Q - a scroll of poison
 X - a scroll of fear {unknown}
Potions
 b - 2 potions of magic
 c - a potion of heal wounds
 d - 2 potions of brilliance
 e - 5 potions of degeneration
 k - a potion of resistance
 m - 4 potions of attraction
 n - 5 potions of curing
 o - a potion of enlightenment
 A - 5 potions of mutation
 F - 2 potions of might
 H - a potion of lignification {unknown}
 O - a potion of ambrosia
 V - a potion of cancellation {unknown}
 W - a potion of berserk rage {unknown}
Miscellaneous
 N - a phial of floods


   Skills:
 - Level 9.2 Fighting
 - Level 14.3 Dodging
 - Level 8.4 Stealth
 - Level 5.1 Shields
 + Level 10.2 Spellcasting
 - Level 7.0 Conjurations
 - Level 2.0 Translocations
 - Level 3.0 Fire Magic
 - Level 7.0 Ice Magic
 - Level 8.0 Air Magic
 - Level 7.0 Alchemy
 - Level 9.0 Invocations
 - Level 5.0 Evocations


You had 3 spell levels left.
You knew the following spells:

 Your Spells              Type           Power      Damage    Failure   Level
b - Mephitic Cloud        Conj/Alch/Air  49%        N/A       1%          3
c - Olgreb's Toxic Radia  Alch           47%        N/A       4%          4
d - Sticky Flame          Fire/Alch      37%        2d8       10%         4
e - Blink                 Tloc           44%        N/A       4%          2
f - Freezing Cloud        Conj/Ice/Air   24%        6-21      11%         5
g - Yara's Violent Unrav  Hex/Alch       15%        3d8       45%         5
h - Enfeeble              Hex            6%         N/A       100%        7

Your spell library contained the following spells:

 Spells                   Type           Power      Damage    Failure   Level
 Foxfire                  Conj/Fire      100%       2x1d9     1%          1
 Shock                    Conj/Air       100%       1d9       1%          1
 Sting                    Conj/Alch      100%       1d9       1%          1
 Cigotuvi's Dreadful Rot  Necr/Alch/Air  74%        N/A       1%          2
 Mercury Vapours          Alch/Air       100%       N/A       1%          2
 Momentum Strike          Conj/Tloc      70%        3d9       1%          2
 Searing Ray              Conj           94%        2d7       1%          2
 Static Discharge         Conj/Air       100%       3-8/arc   1%          2
 Hailstorm                Conj/Ice       47%        3d10      1%          3
 Ozocubu's Armour         Ice            47%        N/A       1%          3
 Ensorcelled Hibernation  Hex/Ice        60%        N/A       2%          2
 Lesser Beckoning         Tloc           44%        N/A       4%          2
 Necrotise                Necr           48%        1d6       8%          1
 Jinxbite                 Hex            24%        N/A       12%         2
 Sublimation of Blood     Necr           12%        N/A       12%         2
 Inner Flame              Hex/Fire       20%        N/A       12%         3
 Tukima's Dance           Hex            12%        N/A       22%         3
 Airstrike                Air            26%        2d(4-20)  2%          4
 Vhi's Electric Charge    Tloc/Air       74%        N/A       10%         4
 Arcjolt                  Conj/Air       25%        1d35      10%         5
 Iskenderun's Mystic Bla  Conj/Tloc      35%        2d8       12%         4
 Alistair's Intoxication  Alch           31%        N/A       12%         5
 Irradiate                Conj/Alch      23%        3d19      12%         5
 Iskenderun's Battlesphe  Conj           47%        2d10      12%         5
 Summon Lightning Spire   Summ/Air       32%        N/A       14%         4
 Brom's Barrelling Bould  Conj/Erth      30%        2d5       19%         4
 Leda's Liquefaction      Alch/Erth      15%        N/A       19%         4
 Petrify                  Alch/Erth      30%        N/A       19%         4
 Dimensional Bullseye     Hex/Tloc       8%         N/A       45%         4
 Metabolic Englaciation   Hex/Ice        15%        N/A       45%         5
 Conjure Ball Lightning   Conj/Air       25%        3x3d7     47%         6
 Eringya's Noxious Bog    Alch           23%        4d6       54%         6
 Sculpt Simulacrum        Ice/Alch       23%        N/A       54%         6
 Dispel Undead            Necr           12%        3d9       58%         4
 Martyr's Knell           Necr/Summ      12%        N/A       58%         4
 Plasma Beam              Fire/Air       20%        2x1d32    77%         6
 Starburst                Conj/Fire      18%        6d7       83%         6
 Bombard                  Conj/Erth      15%        9d3       95%         6
 Death Channel            Necr           6%         N/A       100%        6
 Summon Cactus Giant      Summ           6%         N/A       100%        6
 Spellforged Servitor     Conj/Summ      15%        N/A       100%        7
 Death's Door             Necr           6%         N/A       100%        9


Dungeon Overview and Level Annotations

Branches:
Dungeon (11/15)            Temple (1/1) D:6            Lair (5/5) D:10
  Swamp (0/4) Lair:2        Snake (0/4) Lair:2          Orc (2/2) D:11
    Elf (0/3) Orc:2       Ossuary (visited)
  Slime: Lair:4-5

Altars:
Ashenzari
Cheibriados
Dithmenos
Elyvilon
Fedhas
Gozag
Hepliaklqana
Kikubaaqudgha
Makhleb
Nemelex Xobeh
Okawaru
Qazlal
Ru
Sif Muna
Trog
Uskayaw
Vehumet
Wu Jian
Xom
Yredelemnul
Zin
The Shining One

Shops:
D:3 !   D:7 *   D:10 ?   Orc:2 *:[[**[(

Portals:
Pandemonium: Orc:2

Annotations:
Lair:2 1 runed translucent door, Xavori's ghost, journeyman DjCK
Lair:3 exclusion: oklob plant


Innate Abilities, Weirdness & Mutations

You are very small and have problems with some larger weapons.
You are too small for most types of armour.
You have supernaturally acute eyesight. (SInv)
You cover ground extremely quickly. (Speed+++)


Message History

You block the tyrant leech's attack.
You miss the tyrant leech.
The tyrant leech is moderately wounded.
Your toxic aura wanes.
The tyrant leech bites you!!
The tyrant leech draws strength from your injuries!
You take 29 damage, and have 46/75 hp.
MASSIVE DAMAGE!!
You miss the tyrant leech.
The tyrant leech is moderately wounded.
The tyrant leech misses you.
You completely miss the tyrant leech.
The tyrant leech is heavily wounded.
You block the tyrant leech's attack.
You barely miss the tyrant leech.
The tyrant leech is heavily wounded.
The tyrant leech bites you!!
The tyrant leech draws strength from your injuries!
You take 24 damage, and have 23/75 hp.
MASSIVE DAMAGE!!
A komodo dragon comes into view.
The komodo dragon hisses angrily.
The komodo dragon attacks as it pursues you!
You block the komodo dragon's attack.
Casting: Olgreb's Toxic Radiance (dangerous; 4% risk of failure)
Confirm with . or Enter, or press ? or * to list all spells.
You begin to radiate toxic energy.
The tyrant leech looks even sicker.
The komodo dragon is poisoned.
The komodo dragon looks even sicker.
You now have 20/29 mp.
You puncture the fungus!
The fungus begins to die.
You freeze the fungus.
The fungus is lightly damaged.
The tyrant leech looks even sicker.
The komodo dragon looks even sicker.
The komodo dragon bites you!!
* * * LOW HITPOINT WARNING * * *
You take 24 damage, and have 1/75 hp.
MASSIVE DAMAGE!!
You puncture the fungus! You freeze the fungus.
The fungus is lightly damaged.
The tyrant leech looks as sick as possible!
The komodo dragon looks as sick as possible!
Your toxic aura wanes.
The komodo dragon bites you!
You die...

......†.......#.........~~~~~~~~~
†.....P................~..~≈~~~~~
†....PP...#..P.........~.~..P~~~~
..............P.......####~...~.~
..#............[.......#P###.....
................w..........###...
.P...............................
................l....<...........
..P.P.........P.@..........P.P...
...............P.................
..#.....##........#P.............
.......................##.#......
..P............#####.#.##########
...............#####.###...###.##
................#.....##...#....#
...............##.....##†.†##...#
......#P..P.....#...†..'.†.##...#


You could see a tyrant leech (extremely poisoned) and a komodo dragon (extremely
poisoned).

Vanquished Creatures
  7 hydras
  A demonspawn (Orc:2)
  2 boulder beetles
  A two-headed ogre (D:10)
  5 death yaks (Lair:3)
  8 orc high priests (Orc:2)
  Urug (Lair:4)
  2 sun demons (Orc:2)
  3 skysharks
  6 orc knights
  5 orc sorcerers
  18 elephants
  A rust devil (Orc:2)
  11 black mambas
  Joseph (D:10)
  4 kobold blastminers (Orc:2)
  A torpor snail (Lair:5)
  Maggie (D:7)
  Jeremiah (D:6)
  2 rime drakes
  20 cane toads
  An unseen horror (D:10)
  5 komodo dragons
  3 trolls
  3 polar bears
  A hornet (D:9)
  2 tyrant leeches (Lair:2)
  17 blink frogs
  5 slime creatures (D:10)
  3 shadows
  6 wyverns
  A wraith (D:9)
  46 yaks
  3 basilisks
  3 wargs
  A steam dragon (D:7)
  5 vampire mosquitoes (Lair:5)
  A chaos spawn (Orc:2)
  Menkaure (D:4)
  An acid dragon (D:10)
  3 nagas (Lair:2)
  2 swamp worms (Lair:2)
  15 water moccasins
  A sky beast (D:8)
  30 orc warriors
  5 black bears
  5 ogres
  20 wolves
  2 centaurs
  2 phantoms
  3 kobold brigands
  4 elf zombies (Ossuary)
  26 bullfrogs
  3 scorpions
  10 wights
  20 killer bees
  6 howler monkeys
  A bombardier beetle (D:5)
  A centaur zombie (Ossuary)
  2 jellies (D:6)
  2 human zombies (Ossuary)
  27 orc priests
  2 hounds
  3 sleepcaps
  Ijyb (D:5)
  Terence (D:2)
  7 iguanas
  17 orc wizards
  10 hell rats
  5 hound zombies (Ossuary)
  2 mummies (Ossuary)
  3 gnolls (D:6)
  7 adders
  4 river rats (Lair:5)
  5 white imps
  4 adder zombies (Ossuary)
  A ribbon worm (D:2)
  3 dart slugs
  69 orcs
  6 endoplasms
  4 giant cockroaches
  5 gnoll zombies (Ossuary)
  10 goblins
  4 hobgoblins
  3 jackals (D:2)
  4 quokkas
  9 ball pythons
  5 bats
  6 frilled lizards
  5 jackal zombies (Ossuary)
  17 kobolds
  4 kobold zombies (Ossuary)
  7 orc zombies (Ossuary)
  10 rats
642 creatures vanquished.

Vanquished Creatures (others)
  An orc wizard (D:5)
1 creature vanquished.

Grand Total: 643 creatures vanquished

Notes
Turn   | Place    | Note
-------+----------+-------------------------------------------
     0 | D:1      | jasper the Spriggan Alchemist began the quest for the Orb.
     0 | D:1      | Reached XP level 1. HP: 9/9 MP: 5/5
    72 | D:1      | You fall into a shaft and drop 1 floor!
    99 | D:1      | Reached XP level 2. HP: 13/13 MP: 0/6
   597 | D:1      | Reached skill level 5 in Stealth
  1146 | D:2      | Reached XP level 3. HP: 16/16 MP: 5/8
  1231 | D:2      | Learned a level 3 spell: Mephitic Cloud
  1904 | D:3      | Found a faded altar of an unknown god.
  1931 | D:3      | Noticed an ogre
  1960 | D:3      | Killed an ogre
  1961 | D:3      | Reached XP level 4. HP: 21/21 MP: 2/9
  1961 | D:3      | Reached XP level 5. HP: 24/24 MP: 2/10
  1966 | D:3      | Learned a level 4 spell: Olgreb's Toxic Radiance
  2112 | D:3      | Found an iron altar of Okawaru.
  2201 | D:3      | Noticed Terence
  2242 | D:2      | Killed Terence
  2458 | D:3      | Found a glowing golden altar of the Shining One.
  2539 | D:3      | Found Eblaskoe's Distillery.
  2619 | D:3      | Bought a potion of curing for 36 gold pieces
  2619 | D:3      | Bought a potion of heal wounds for 60 gold pieces
  2619 | D:3      | Bought a potion of curing for 36 gold pieces
  3125 | D:4      | Noticed a phantom
  3169 | D:4      | Noticed Menkaure
  3192 | D:5      | Entered Level 5 of the Dungeon
  3226 | D:5      | Reached skill level 5 in Alchemy
  3226 | D:5      | Reached XP level 6. HP: 28/28 MP: 6/11
  3452 | D:5      | Identified the +5 tower shield of Fucedena {Will+ rCorr
                  | Str+4 Dex+3}
  3949 | D:5      | Reached XP level 7. HP: 32/32 MP: 0/12
  3959 | D:5      | Learned a level 4 spell: Sticky Flame
  4042 | D:5      | Reached skill level 1 in Conjurations
  4194 | D:5      | Noticed Ijyb
  4210 | D:5      | Reached skill level 1 in Fire Magic
  4210 | D:5      | Reached skill level 1 in Air Magic
  4254 | D:5      | Killed Ijyb
  4671 | D:6      | Noticed Jeremiah
  4691 | D:6      | Killed Jeremiah
  4692 | D:6      | Reached skill level 1 in Evocations
  4692 | D:6      | Reached XP level 8. HP: 16/36 MP: 0/13
  5027 | D:6      | Found an ornate altar of the Wu Jian Council.
  5103 | D:6      | Identified the +5 rapier of Generosity {freeze, rN+ Int+3
                  | Dex+4}
  5168 | D:6      | Reached skill level 5 in Evocations
  5218 | D:6      | Reached skill level 3 in Dodging
  5247 | D:6      | Reached skill level 1 in Fighting
  5339 | D:6      | Reached skill level 4 in Dodging
  5573 | D:6      | Found a staircase to the Ecumenical Temple.
  5580 | Temple   | Entered the Ecumenical Temple
  5608 | Temple   | Became a worshipper of Sif Muna the Loreminder
  5735 | D:6      | Reached skill level 5 in Dodging
  5941 | D:4      | Killed Menkaure
  5942 | D:4      | Reached skill level 6 in Dodging
  5942 | D:4      | Reached XP level 9. HP: 44/44 MP: 11/14
  6796 | D:7      | Noticed Maggie
  6807 | D:7      | Killed Maggie
  6808 | D:7      | Reached skill level 7 in Dodging
  6950 | D:7      | Reached skill level 8 in Dodging
  6951 | D:7      | Reached * piety under Sif Muna
  6968 | D:7      | Reached skill level 5 in Fighting
  6987 | D:7      | Reached skill level 9 in Dodging
  7298 | D:7      | Found Suehaytt's Neck Hole.
  7343 | D:7      | Found a sand-covered staircase.
  7372 | Ossuary  | Entered an ossuary
  7702 | Ossuary  | Reached ** piety under Sif Muna
  7907 | Ossuary  | Reached XP level 10. HP: 46/53 MP: 0/15
  8395 | D:7      | Found an opulent altar of Gozag.
  8633 | D:8      | Reached skill level 10 in Dodging
  8633 | D:8      | Reached skill level 1 in Invocations
  8885 | D:8      | Reached *** piety under Sif Muna
  8986 | D:8      | Reached skill level 5 in Invocations
  9476 | D:8      | Learned a level 2 spell: Blink
  9592 | D:9      | Reached skill level 1 in Translocations
  9952 | D:9      | Found a glowing silver altar of Zin.
 10000 | D:9      | Found a sacrificial altar of Ru.
 10361 | D:9      | Reached **** piety under Sif Muna
 10793 | D:9      | Found a stormy altar of Qazlal.
 10861 | D:10     | Entered Level 10 of the Dungeon
 11045 | D:10     | Noticed an elephant
 11046 | D:10     | Noticed an elephant
 11074 | D:10     | Reached XP level 11. HP: 53/56 MP: 8/18
 11649 | D:10     | Noticed Joseph
 11660 | D:10     | Killed Joseph
 11757 | D:7      | Bought the scarf of Ohemiek {repulsion, rC+ Str+2} for 423
                  | gold pieces
 11901 | D:10     | Noticed a two-headed ogre
 11946 | D:10     | Killed a two-headed ogre
 11947 | D:10     | Reached skill level 11 in Dodging
 12241 | D:10     | Reached skill level 1 in Shields
 12392 | D:10     | Found a blossoming altar of Fedhas.
 12744 | D:10     | Found Zumiw's Magic Scroll Shoppe.
 12786 | D:10     | Found a staircase to the Lair.
 12968 | D:11     | Found a staircase to the Orcish Mines.
 13033 | Orc:1    | Entered Level 1 of the Orcish Mines
 13038 | Orc:1    | Noticed an orc sorcerer
 13053 | Orc:1    | Killed an orc sorcerer
 13244 | Orc:2    | Entered Level 2 of the Orcish Mines
 13247 | Orc:2    | Noticed an orc knight
 13265 | Orc:2    | Found a staircase to the Elven Halls.
 13320 | Orc:2    | Killed an orc knight
 13321 | Orc:2    | Reached skill level 5 in Shields
 13554 | Orc:2    | Found Kimaoqiw's General Store.
 13562 | Orc:2    | Bought a potion of ambrosia for 128 gold pieces
 14150 | Orc:2    | Found Jocot's Armour Emporium.
 14166 | Orc:2    | Reached XP level 12. HP: 63/63 MP: 10/19
 14253 | Orc:2    | Reached ***** piety under Sif Muna
 14334 | Orc:2    | Found Tuell's Weapon Shoppe.
 14343 | Orc:2    | Found Jiemiyttia's Armour Shoppe.
 14661 | Orc:2    | Noticed an orc high priest
 14687 | Orc:2    | Killed an orc high priest
 14688 | Orc:2    | Reached skill level 12 in Dodging
 15117 | Orc:2    | Reached skill level 5 in Spellcasting
 15172 | Lair:1   | Entered Level 1 of the Lair of Beasts
 15510 | Lair:1   | Received a gift from Sif Muna
 15515 | Lair:1   | Got Sif Muna's Catalogue of Amalgamated Violence {god gift}
 15722 | Lair:1   | Reached skill level 13 in Dodging
 16347 | Lair:2   | Found a runed translucent door.
 16354 | Lair:2   | Noticed Xavori's ghost (journeyman DjCK)
 16367 | Lair:2   | Noticed a boulder beetle
 16383 | Lair:2   | Killed a boulder beetle
 16388 | Lair:2   | Noticed an eight-headed hydra
 16415 | Lair:2   | Killed an eight-headed hydra
 16837 | Lair:2   | Reached XP level 13. HP: 70/70 MP: 18/26
 16846 | Lair:2   | Reached skill level 14 in Dodging
 16847 | Lair:2   | Found a staircase to the Snake Pit.
 17338 | Lair:2   | Identified a scroll of acquirement
 17338 | Lair:2   | Acquired the +1 buckler of Unambiguity {Will+ rCorr}
 17454 | Lair:2   | Received a gift from Sif Muna
 17468 | Lair:2   | Got Orecuas's Teachings on the Grim Tundra {god gift}
 17475 | Lair:2   | Learned a level 5 spell: Freezing Cloud
 17901 | Lair:2   | Found a staircase to the Swamp.
 18020 | Lair:2   | Reached skill level 1 in Ice Magic
 19787 | Lair:4   | Reached skill level 5 in Air Magic
 20004 | Lair:4   | Noticed Urug
 20025 | Lair:4   | Received a gift from Sif Muna
 20026 | Lair:4   | Got Sif Muna's Commentary on Radiant Fire {god gift}
 20118 | Lair:4   | Killed Urug
 20472 | Lair:4   | Reached XP level 14. HP: 75/75 MP: 20/28
 20977 | Lair:5   | Entered Level 5 of the Lair of Beasts
 20989 | Lair:5   | Reached skill level 5 in Conjurations
 21307 | Orc:2    | Reached skill level 5 in Ice Magic
 21369 | Orc:2    | Found Apnus's General Store.
 21372 | Orc:2    | Found Sazi's General Store.
 21484 | Orc:2    | Bought a potion of curing for 42 gold pieces
 21486 | Orc:2    | Bought a scroll of blinking for 127 gold pieces
 22127 | Orc:2    | Found Dyrarchixt's Book Emporium.
 22127 | Orc:2    | Found a one-way gate leading to the halls of Pandemonium.
 22127 | Orc:2    | Found Juum's Antique Armour Shoppe.
 22423 | Orc:2    | Bought a book of Misfortune for 442 gold pieces
 22439 | Orc:2    | Learned a level 5 spell: Yara's Violent Unravelling
 22447 | Orc:2    | Learned a level 7 spell: Enfeeble
 22560 | Orc:1    | Received a gift from Sif Muna
 22563 | Orc:1    | Got Fyasijik's Quarto of the Crucible and the Squall {god
                  | gift}
 23311 | Lair:4   | Identified the +0 plate armour of the Worm {Fly Str-3 Int+8
                  | Dex-5}
 24469 | Lair:5   | Reached skill level 10 in Spellcasting
 24738 | Lair:5   | Received a gift from Sif Muna
 25039 | Lair:5   | HP: 1/75 [komodo dragon (25)]
 25040 | Lair:5   | Mangled by a komodo dragon

Illustrated notes

Levels and vault maps discovered:
D:1:      roderic_crossed_star, layout_loops_ring
D:2:      layout_basic, minmay_pentomino_z2
D:3:      layout_loops_cross, kennysheep_okawaru_gauntlet, tso_metal_star,
          chequers_ecumenical_altar_simple, serial_shops, shop, uniq_terence
D:4:      layout_loops_ring, uniq_menkaure
D:5:      layout_loops_cross, uniq_ijyb
D:6:      layout_loops_ring, amcnicky_altar_gilded, minmay_temple_entry_hall,
          uniq_jeremiah
D:7:      layout_basic, grunt_gozag_breadcrumbs, nicolae_ossuary_entry_monument,
          nicolae_shop_sticking_my_neck_out, uniq_maggie
D:8:      layout_basic
D:9:      layout_loops_ring, nicolae_ru_great_annihilating_truth,
          kennysheep_mini, pf_just_have_faith
D:10:     layout_long_grid, nicolae_overflow_crystal_walls,
          grunt_lair_entry_orc_guard_hut, serial_shops, shop,
          minmay_quadrilaterals, uniq_joseph
D:11:     layout_rooms, minmay_orc_entry_guard_dogs, elyvilon_altar_4
Temple:   nicolae_temple_superstar
Lair:1:   layout_big_grid, grunt_megastairs_1, lemuel_fruit_tree
Lair:2:   layout_long_grid, palyth_hydra_swamp_entry,
          minmay_snake_entry_guardpost_medium, hellmonk_ghost_happy_afterlife
Lair:3:   layout_regular_city, st_stairs_7, grunt_forest_small_clearing_treed,
          grunt_megastairs_3
Lair:4:   layout_big_grid, uniq_urug
Lair:5:   minmay_lair_end_frog_pond, layout_long_grid, slime_entry_1,
          kennysheep_abandoned_house
Orc:1:    layout_caves
Orc:2:    pf_orc_diabolical, layout_diamond_mine, serial_shops,
          nicolae_shop_peninsula, shop, nicolae_shop_mannequins, shop,
          nicolae_orc_seminary

Skill      XL: |  1  2  3  4  5  6  7  8  9 10 11 12 13 14 |
---------------+-------------------------------------------+-----
Stealth        | 4 5 8 |  8.4
Alchemy        | 5 7 |  7.0
Spellcasting   | 3 8 9 10 | 10.2
Conjurations   | 2 4 7 |  7.0
Fire Magic     | 3 |  3.0
Air Magic      | 2 5 8 |  8.0
Evocations     | 1 5 |  5.0
Dodging        | 6 9 10 11 13 14 | 14.3
Fighting       | 3 5 6 7 9 |  9.2
Invocations    | 8 9 |  9.0
Translocations | 2 |  2.0
Shields        | 5 |  5.1
Ice Magic      | 4 7 |  7.0

Action                     |  1- 3 |  4- 6 |  7- 9 | 10-12 | 13-15 || total
---------------------------+-------+-------+-------+-------+-------++-------
  Melee: Short sword       |       |    19 |    17 |       |       ||    36
         Unarmed           |       |     7 |       |       |       ||     7
         Rapier            |       |       |   136 |   312 |   361 ||   809
         Punch             |       |       |     2 |       |       ||     2
   Cast: Sting             |    78 |    92 |    74 |    37 |    14 ||   295
         Olgreb's Toxic Ra |       |     3 |    27 |   130 |   149 ||   309
         Mephitic Cloud    |       |       |     3 |    14 |     7 ||    24
         Sticky Flame      |       |       |    22 |    29 |    53 ||   104
         Freezing Cloud    |       |       |       |       |    22 ||    22
 Invoke: Forget Spell      |       |       |       |       |     1 ||     1
  Evoke: Wand              |       |       |     4 |    13 |     7 ||    24
    Use: Scroll            |     5 |       |     8 |     3 |     7 ||    23
         Potion            |       |     1 |     1 |     2 |       ||     4
   Stab: Sleeping          |       |       |     6 |     1 |     2 ||     9
         Confused          |       |       |       |     8 |     4 ||    12
 Armour: Robe              |     5 |    26 |    26 |       |       ||    57
         Skin              |       |     1 |       |       |       ||     1
         Steam dragon scal |       |       |    51 |   140 |   143 ||   334
  Dodge: Dodged            |    14 |    56 |   249 |   396 |   604 ||  1319
         Repelled          |       |       |       |     1 |     2 ||     3
  Block: Buckler           |       |       |       |    51 |   200 ||   251

Table legend: (Time is in decaauts)
 A = Elapsed time spent in this place.
 B = Non-inter-level travel time spent in this place.
 C = Inter-level travel time spent in this place.
 D = Time resting spent in this place.
 E = Time spent auto-exploring this place.
 F = Levels seen in this place.
 G = Mean time per level.
                   A        B        C        D        E       F      G
               +--------+--------+--------+--------+--------+-----+--------+
         Total |  20689 |  19998 |    691 |   3453 |  12097 |  20 | 1034.4 |
       Dungeon |   9681 |   9282 |    399 |   1011 |   6384 |  11 |  880.1 |
        Temple |     26 |      3 |     23 |      0 |      0 |   1 |   26.0 |
          Lair |   6738 |   6551 |    187 |   1186 |   3840 |   5 | 1347.6 |
  Orcish Mines |   3457 |   3377 |     80 |   1073 |   1545 |   2 | 1728.5 |
       Ossuary |    785 |    785 |      0 |    182 |    326 |   1 |  785.0 |
               +--------+--------+--------+--------+--------+-----+--------+

Top non-repeatable levels by time:
   Orc:2: 2836 daAuts
  Lair:4: 1711 daAuts
  Lair:2: 1613 daAuts
    D:10: 1557 daAuts
  Lair:3: 1478 daAuts
     D:5: 1285 daAuts
     D:6: 1246 daAuts
     D:9: 1082 daAuts
  Lair:1: 1025 daAuts
  Lair:5: 910 daAuts
     D:2: 900 daAuts
     D:8: 807 daAuts
 Ossuary: 785 daAuts
     D:7: 734 daAuts
     D:3: 646 daAuts
